 Dungeon Crawl Stone Soup version 0.17-a0-1655-g88a8506 (webtiles) character file.

2001 kae the Carver (level 9, 0/70 HPs)
             Began as a Minotaur Fighter on Aug 15, 2015.
             Was a Believer of Okawaru.
             Slain by cmdexe's ghost (5 damage)
             ... on level 7 of the Dungeon.
             The game lasted 00:05:52 (7050 turns).

kae the Carver (Minotaur Fighter)                   Turns: 7050, Time: 00:05:52

Health: 0/70       AC: 10    Str: 27    XL:     9   Next: 2%
Magic:  8/8        EV:  7    Int:  7    God:    Okawaru [**....]
Gold:   222        SH: 10    Dex: 10    Spells: 0 memorised, 8 levels left

rFire  . . .     SeeInvis .     a - +1 long sword
rCold  . . .     Clarity  .     b - +0 scale mail
rNeg   . . .     SustAt   .     c - +0 shield
rPois  .         Gourm    .     (helmet restricted)
rElec  .         Spirit   .     s - +1 cloak
rCorr  .         Warding  .     E - +0 pair of gloves
rMut   .         Stasis   .     (no boots)
MR     .....                    (no amulet)
Stlth  ..........               (no ring)
                                (no ring)

@: mighty, not resistant to hostile enchantments, extremely unstealthy
A: retaliatory headbutt, horns 2
a: Heroism, Renounce Religion


You were on level 7 of the Dungeon.
You worshipped Okawaru.
Okawaru was pleased with you.
You were very hungry.

You visited 2 branches of the dungeon, and saw 8 of its levels.
You also visited: Sewer.

You collected 222 gold pieces.

Inventory:

Hand weapons
 a - a +1 long sword (weapon)
Armour
 b - a +0 scale mail (worn)
 c - a +0 shield (worn)
 s - a +1 cloak (worn)
 E - a +0 pair of gloves (worn)
Jewellery
 k - an uncursed amulet of rage {unknown}
 w - an uncursed ring of protection from cold {unknown}
 x - a +3 ring of strength {unknown}
Magical devices
 r - a wand of flame (25)
 y - a wand of magic darts (40)
 D - a wand of frost (11)
Scrolls
 f - 3 scrolls of identify
 h - 6 scrolls of remove curse
 i - 2 scrolls of enchant armour
 o - 2 scrolls of blinking
 q - a scroll of teleportation
 t - 2 scrolls of enchant weapon
 u - a scroll of fog
Potions
 d - 2 potions of might
 j - 2 potions of agility
 l - 3 potions of brilliance
 m - 7 potions of curing
 n - a potion of cancellation {unknown}
 p - 4 potions of heal wounds {unknown}
 v - a potion of mutation {unknown}
 A - a potion of invisibility {unknown}
 B - a potion of resistance {unknown}
 C - a potion of haste {unknown}
Books
 z - a book of Changes

   Spells                             Type                      Level
   a - Beastly Appendage              Transmutation                1
   b - Sticks to Snakes               Transmutation                2
   c - Spider Form                    Transmutation/Poison         3
   d - Ice Form                       Ice/Transmutation            4
   e - Blade Hands                    Transmutation                5
 F - a book of Air

   Spells                             Type                      Level
   a - Shock                          Conjuration/Air              1
   b - Swiftness                      Charms/Air                   2
   c - Repel Missiles                 Charms/Air                   2
   d - Static Discharge               Conjuration/Air              3
   e - Lightning Bolt                 Conjuration/Air              5
Comestibles
 e - 9 bread rations
 g - a meat ration
 G - a chunk of flesh
 H - 3 fruits


   Skills:
 - Level 3.6 Fighting
 + Level 13.6 Long Blades
 - Level 3.6 Armour
 - Level 3.6 Shields


You had 8 spell levels left.
You didn't know any spells.

Dungeon Overview and Level Annotations

Branches:
Dungeon (7/15)             Temple (1/1) D:4

Altars:
Ashenzari
Dithmenos
Elyvilon
Fedhas
Kikubaaqudgha
Makhleb
Nemelex Xobeh
Okawaru
Qazlal
Ru
Trog
Vehumet
Xom
Yredelemnul
Zin

Annotations:
D:7 cmdexe's ghost, experienced DsFi


Innate Abilities, Weirdness & Mutations

You reflexively headbutt those who attack you in melee.
You have a pair of horns on your head.


Message History

Cmdexe's ghost hits you!
* * * LOW HITPOINT WARNING * * *
You are too injured to fight recklessly!
You are too injured to fight recklessly!
You are too injured to fight recklessly!
You barely miss cmdexe's ghost.
Cmdexe's ghost is almost destroyed.
Cmdexe's ghost hits you!
* * * LOW HITPOINT WARNING * * *
You barely miss cmdexe's ghost.
Cmdexe's ghost is almost destroyed.
You hit cmdexe's ghost.
You headbutt cmdexe's ghost, but do no damage.
Cmdexe's ghost is almost destroyed.
You block cmdexe's ghost's attack.
You hit cmdexe's ghost but do no damage.
You headbutt cmdexe's ghost, but do no damage.
Cmdexe's ghost is almost destroyed.
Cmdexe's ghost hits you.
You die...

. #.#### ...# ##+# #.##
##...## # #..###.....##
# #..##.......## .
.###..#.........####...#
#.##..+.........@W......
......#.........####...#
#.###.##.....^.## #
.####.###.....## ......#
##...## ####### ##'##
#.# #########.####..
###.............#


You could see cmdexe's ghost.

Vanquished Creatures
  An orc warrior (D:6)
  A black bear (D:6)
  2 phantoms (D:5)
  A centaur (D:5)
  A necrophage (D:6)
  4 big kobolds (Sewer)
  4 giant frogs (D:6)
  A scorpion (D:5)
  A killer bee (D:6)
  2 crimson imps (D:5)
  A gnoll shaman (D:4)
  2 hounds
  An orc priest (D:4)
  2 iguanas
  7 orc wizards
  6 worker ants
  A hound zombie (D:5)
  7 gnolls
  2 shadow imps
  3 adders
  4 oozes
  2 worms
  6 giant geckos
  16 orcs
  10 bats
  4 giant cockroaches
  5 hobgoblins
  2 jackals (D:6)
  4 quokkas
  4 ball pythons
  10 giant newts
  11 goblins
  26 kobolds
  9 rats
  A plant (D:1)
164 creatures vanquished.

Vanquished Creatures (others)
  2 plants (D:1)
2 creatures vanquished.

Grand Total: 166 creatures vanquished

Notes
Turn   | Place    | Note
--------------------------------------------------------------
     0 | D:1      | kae the Minotaur Fighter began the quest for the Orb.
     0 | D:1      | Reached XP level 1. HP: 19/19 MP: 0/0
   352 | D:1      | Reached XP level 2. HP: 26/26 MP: 1/1
   587 | D:1      | Reached skill level 4 in Long Blades
   900 | D:1      | Reached XP level 3. HP: 31/31 MP: 2/2
  1093 | D:2      | Reached skill level 5 in Long Blades
  1099 | D:2      | Reached XP level 4. HP: 11/39 MP: 3/3
  1822 | D:2      | Found a burning altar of Makhleb.
  1946 | D:3      | Reached skill level 6 in Long Blades
  2143 | D:3      | Found an ancient bone altar of Kikubaaqudgha.
  2146 | D:3      | Found a glowing silver altar of Zin.
  2149 | D:3      | Found a blossoming altar of Fedhas.
  2163 | D:3      | Found a shadowy altar of Dithmenos.
  2607 | D:3      | Reached XP level 5. HP: 45/45 MP: 4/4
  2753 | D:4      | Found a shattered altar of Ashenzari.
  2942 | D:4      | Found a staircase to the Ecumenical Temple.
  3000 | Temple   | Entered the Ecumenical Temple
  3093 | Temple   | Became a worshipper of Warmaster Okawaru
  3351 | D:4      | Reached skill level 7 in Long Blades
  3784 | D:4      | Reached XP level 6. HP: 21/51 MP: 5/5
  4225 | D:5      | Entered Level 5 of the Dungeon
  4234 | D:5      | Reached skill level 8 in Long Blades
  4445 | D:5      | Found a shimmering altar of Xom.
  4452 | D:5      | Reached skill level 9 in Long Blades
  4452 | D:5      | Reached XP level 7. HP: 52/57 MP: 6/6
  4630 | D:5      | Acquired Okawaru's first power
  4633 | D:5      | Reached skill level 10 in Long Blades
  4728 | D:5      | Found a radiant altar of Vehumet.
  5476 | D:6      | Found a glowing drain.
  5480 | Sewer    | Entered a sewer
  5505 | Sewer    | Reached skill level 11 in Long Blades
  5505 | Sewer    | Reached XP level 8. HP: 57/64 MP: 7/7
  5864 | D:6      | Reached skill level 12 in Long Blades
  5900 | D:6      | Found a stormy altar of Qazlal.
  6151 | D:6      | Reached skill level 13 in Long Blades
  6532 | D:6      | Reached XP level 9. HP: 25/70 MP: 8/8
  7020 | D:7      | Noticed cmdexe's ghost (experienced DsFi)
  7050 | D:7      | Slain by cmdexe's ghost

Vault maps used:
D:1:      dpeg_arrival_three_bigger_balls, lexackson_kobold_supper
D:2:      lemuel_crystal_altar, hangedman_abyss_or_decor_stabs
D:3:      grunt_temple_overflow_cloverleaf, first_bread, serial_glass,
          glass_columns_a, glass_columns_a, glass_columns_c,
          hangedman_feature_mirror
D:4:      kennysheep_mini_moat
D:5:      vehumet_altar_wand_db, nicolae_overflow_hidden_temple
D:6:      lemuel_crystal_altar, gup_sewer_entry_spiral
D:7:      serial_shops, shop, shop_statue, shop_fountains
Temple:   circular_temple_6
Sewer:    kennysheep_pipe_town

Action                   |  1- 3 |  4- 6 |  7- 9 || total
-------------------------+-------+-------+-------++-------
Melee: Long sword        |    87 |   186 |   254 ||   527
  Use: Scroll            |       |       |    10 ||    10
       Potion            |       |       |     4 ||     4
  Eat: Chunk             |       |     5 |     4 ||     9
       Meat ration       |       |     1 |     1 ||     2
